TOP OF THE 1ST |
San Diego (APP) Padres batting - Pitching for Bristol Pirates : LHP Grady Hebert
|
Pitching: LHP Grady Hebert
|
|
Batting: RHB Ryan Tatum
|
0-0: Ball 1-0: Called Strike 1-1: Foul Ball, location: 2F 1-2: Ground out U3 (Groundball, 34D, EV 86.3 MPH)
|
Batting: RHB Max Stillo
|
0-0: Foul Ball, location: 2F 0-1: Reached on error, E5 (Groundball, 56S, EV 88.1 MPH)
|
Batting: RHB Tom Tate
|
0-0: Called Strike 0-1: Ball 1-1: Ball 2-1: 2-RUN HOME RUN (Flyball, 78XD, EV 107.5 MPH), Distance : 417 ft
|
Batting: RHB Aaron Joseph
|
0-0: Called Strike 0-1: Fly out, F6 (Popup, 15, EV 90.0 MPH)
|
Batting: LHB Carlos Cuellar
|
0-0: Foul Ball, location: 2F 0-1: SINGLE (Groundball, 6D, EV 101.9 MPH)
|
Batting: RHB Tyler West
|
0-0: Foul Ball, location: 2F 0-1: Foul Ball, location: 2F 0-2: SINGLE (Groundball, 34, EV 95.6 MPH) Carlos Cuellar to second Runner from 2nd tries for 3rd, OUT! 9-5
|
Top of the 1st over - 2 runs, 3 hits, 1 error, 1 left on base; San Diego (APP) 2 - Bristol 0 |
BOTTOM OF THE 1ST |
Bristol Pirates batting - Pitching for San Diego (APP) Padres : RHP Rogelio Nunez
|
Pitching: RHP Rogelio Nunez
|
|
Batting: RHB Pete Hutton
|
0-0: Ball 1-0: Called Strike 1-1: Called Strike 1-2: Foul Ball, location: 2F 1-2: Fly out, F5 (Flyball, 56D, EV 84.4 MPH)
|
Batting: LHB Joe Wise
|
0-0: Called Strike 0-1: Ball 1-1: Called Strike 1-2: Ball 2-2: Strikes out looking
|
Batting: RHB Etsuro Hosokawa
|
0-0: Called Strike 0-1: Foul Ball, location: 2F 0-2: Ball 1-2: Foul Ball, location: 2F 1-2: Ball 2-2: Strikes out swinging
|
Bottom of the 1st over - 0 runs, 0 hits, 0 errors, 0 left on base; San Diego (APP) 2 - Bristol 0 |
TOP OF THE 2ND |
San Diego (APP) Padres batting - Pitching for Bristol Pirates : LHP Grady Hebert
|
Batting: RHB Brent Little
|
0-0: Foul Ball, location: 2F 0-1: Ground out 5-3 (Groundball, 56, EV 105.6 MPH)
|
Batting: LHB Ramon Padilla
|
0-0: Foul Ball, location: 2F 0-1: Ball 1-1: Ball 2-1: Ball 3-1: Base on Balls
|
Batting: RHB Justin Blount
|
0-0: Swinging Strike 0-1: Ball 1-1: Ball 2-1: Foul Ball, location: 2F 2-2: Ball 3-2: SINGLE (Groundball, 56, EV 98.1 MPH) Ramon Padilla to second
|
Pitching: LHP Phil DeCamp
|
|
Batting: RHB Ryan Tatum
|
0-0: Ball 1-0: Ball 2-0: SINGLE (Groundball, 56D, EV 107.5 MPH) (infield hit) Ramon Padilla to third Justin Blount to second
|
Batting: RHB Max Stillo
|
0-0: Called Strike 0-1: Ball 1-1: Swinging Strike 1-2: Strikes out swinging
|
Batting: RHB Tom Tate
|
0-0: Ball 1-0: Swinging Strike 1-1: Ball 2-1: Ball 3-1: Base on Balls Ramon Padilla scores Justin Blount to third Ryan Tatum to second
|
Batting: RHB Aaron Joseph
|
0-0: Swinging Strike 0-1: Swinging Strike 0-2: Ball 1-2: Strikes out swinging
|
Top of the 2nd over - 1 run, 2 hits, 0 errors, 3 left on base; San Diego (APP) 3 - Bristol 0 |
BOTTOM OF THE 2ND |
Bristol Pirates batting - Pitching for San Diego (APP) Padres : RHP Rogelio Nunez
|
Batting: LHB Tomohiro Yokoyama
|
0-0: Ball 1-0: Ball 2-0: Ball 3-0: Base on Balls
|
Batting: RHB Jaime Dubicki
|
0-0: Foul Ball, location: 2F 0-1: Ball 1-1: SINGLE (Groundball, 56D, EV 102.5 MPH) Tomohiro Yokoyama to second
|
Batting: LHB Ruben Garza
|
0-0: Ball 1-0: Ball 2-0: Called Strike 2-1: Swinging Strike 2-2: Ball 3-2: Base on Balls Tomohiro Yokoyama to third Jaime Dubicki to second
|
Batting: RHB Andrew DeRicco
|
0-0: Foul Ball, location: 2F 0-1: Foul Ball, location: 2F 0-2: Strikes out swinging
|
Batting: RHB Gilberto Victoria
|
0-0: Ball 1-0: DOUBLE (Line Drive, 7LS, EV 88.8 MPH) Tomohiro Yokoyama scores Jaime Dubicki scores Ruben Garza to third Runner from 3rd tries for Home, throw by LF and OUT! 7-6-2 Gilberto Victoria to third
|
Batting: RHB Rob Colley
|
0-0: Called Strike 0-1: Ball 1-1: Foul Ball, location: 2F 1-2: Foul Ball, location: 2F 1-2: Ground out 6-3 (Groundball, 56, EV 86.3 MPH)
|
Bottom of the 2nd over - 2 runs, 2 hits, 0 errors, 1 left on base; San Diego (APP) 3 - Bristol 2 |
TOP OF THE 3RD |
San Diego (APP) Padres batting - Pitching for Bristol Pirates : LHP Phil DeCamp
|
Batting: LHB Carlos Cuellar
|
0-0: Called Strike 0-1: Ball 1-1: Swinging Strike 1-2: SINGLE (Groundball, 34D, EV 101.3 MPH)
|
Pitching: LHP Norm Silveira-Wray
|
|
Batting: RHB Tyler West
|
0-0: Reached on error, E5 (Groundball, 56S, EV 66.3 MPH) Carlos Cuellar to second
|
Batting: RHB Brent Little
|
0-0: Foul Ball, location: 2F 0-1: Swinging Strike 0-2: DOUBLE (Groundball, 3L, EV 101.9 MPH) Carlos Cuellar scores Tyler West to third
|
Batting: LHB Ramon Padilla
|
0-0: Swinging Strike 0-1: Swinging Strike 0-2: Foul Ball, location: 2F 0-2: Strikes out looking
|
Batting: RHB Justin Blount
|
0-0: Ball 1-0: Swinging Strike 1-1: Called Strike 1-2: Foul Ball, location: 2F 1-2: Ground out 4-3 (Groundball, 4S, EV 85.0 MPH) Tyler West scores Brent Little to third
|
Batting: RHB Ryan Tatum
|
0-0: Called Strike 0-1: Swinging Strike 0-2: Ball 1-2: Strikes out looking
|
Top of the 3rd over - 2 runs, 2 hits, 1 error, 1 left on base; San Diego (APP) 5 - Bristol 2 |
BOTTOM OF THE 3RD |
Bristol Pirates batting - Pitching for San Diego (APP) Padres : RHP Rogelio Nunez
|
Batting: RHB Pete Hutton
|
0-0: Ball 1-0: Foul Ball, location: 2F 1-1: SINGLE (Groundball, 56D, EV 110.0 MPH)
|
Batting: LHB Joe Wise
|
0-0: Called Strike 0-1: Fielders Choice at 2nd, 3-6 (Groundball, 3, EV 101.3 MPH)
|
Batting: RHB Etsuro Hosokawa
|
0-0: Fly out, F9 (Flyball, 89S, EV 84.4 MPH)
|
Batting: LHB Tomohiro Yokoyama
|
0-0: Foul Ball, location: 2F 0-1: Ball 1-1: Ball 2-1: Ball 3-1: Base on Balls Joe Wise to second
|
Batting: RHB Jaime Dubicki
|
0-0: Called Strike 0-1: Ball 1-1: Swinging Strike 1-2: Fielders Choice at 2nd, 6-4 (Groundball, 6, EV 85.0 MPH)
|
Bottom of the 3rd over - 0 runs, 1 hit, 0 errors, 2 left on base; San Diego (APP) 5 - Bristol 2 |
TOP OF THE 4TH |
San Diego (APP) Padres batting - Pitching for Bristol Pirates : LHP Norm Silveira-Wray
|
Batting: RHB Max Stillo
|
0-0: Swinging Strike 0-1: Foul Ball, location: 2F 0-2: Ball 1-2: Ball 2-2: Strikes out swinging
|
Pitching: RHP Doug Rawson
|
|
Batting: RHB Tom Tate
|
0-0: Called Strike 0-1: Foul Ball, location: 2F 0-2: Ball 1-2: Strikes out swinging
|
Batting: RHB Aaron Joseph
|
0-0: Foul Ball, location: 2F 0-1: Ball 1-1: Swinging Strike 1-2: SINGLE (Line Drive, 4D, EV 97.5 MPH)
|
Batting: LHB Carlos Cuellar
|
0-0: Ball Aaron Joseph steals 2nd base 1-0: Ground out 1-3 (Groundball, 34S, EV 71.3 MPH)
|
Top of the 4th over - 0 runs, 1 hit, 0 errors, 1 left on base; San Diego (APP) 5 - Bristol 2 |
BOTTOM OF THE 4TH |
Bristol Pirates batting - Pitching for San Diego (APP) Padres : RHP Rogelio Nunez
|
Batting: LHB Ruben Garza
|
0-0: Ball 1-0: Ball 2-0: DOUBLE (Line Drive, 78D, EV 115.0 MPH)
|
Batting: RHB Andrew DeRicco
|
0-0: Called Strike 0-1: Swinging Strike 0-2: Strikes out looking
|
Batting: RHB Gilberto Victoria
|
0-0: Called Strike 0-1: Swinging Strike 0-2: Ground out 1-3 (Groundball, P, EV 71.9 MPH) Ruben Garza to third
|
Batting: RHB Rob Colley
|
0-0: Ball 1-0: Called Strike 1-1: Ball 2-1: Ball 3-1: Base on Balls
|
Batting: RHB Pete Hutton
|
0-0: TRIPLE (Flyball, 89XD, EV 102.5 MPH) Ruben Garza scores Rob Colley scores
|
Batting: LHB Joe Wise
|
0-0: Ball 1-0: Called Strike 1-1: Ground out 6-3 (Groundball, 6, EV 109.4 MPH)
|
Bottom of the 4th over - 2 runs, 2 hits, 0 errors, 1 left on base; San Diego (APP) 5 - Bristol 4 |
TOP OF THE 5TH |
San Diego (APP) Padres batting - Pitching for Bristol Pirates : RHP Doug Rawson
|
Batting: RHB Tyler West
|
0-0: DOUBLE (Groundball, 5L, EV 103.1 MPH)
|
Batting: RHB Brent Little
|
0-0: Ball 1-0: Foul Ball, location: 2F 1-1: Ball 2-1: Ball 3-1: Base on Balls
|
Batting: LHB Ramon Padilla
|
0-0: Ball 1-0: Ball 2-0: Ball 3-0: Base on Balls Tyler West to third Brent Little to second
|
Pitching: RHP Ian Ferrara
|
|
Batting: RHB Justin Blount
|
0-0: Grounds into fielders choice U2 (Groundball, 2R, EV 68.8 MPH) Brent Little to third Ramon Padilla to second
|
Batting: RHB Ryan Tatum
|
0-0: Ball 1-0: Hit by Pitch Brent Little scores Ramon Padilla to third Justin Blount to second
|
Batting: RHB Max Stillo
|
0-0: Ball 1-0: Ball 2-0: Called Strike 2-1: Foul Ball, location: 2F 2-2: Strikes out swinging
|
Batting: RHB Tom Tate
|
0-0: Ball 1-0: Called Strike 1-1: DOUBLE (Flyball, 78D, EV 106.3 MPH) Ramon Padilla scores Justin Blount scores Ryan Tatum to third
|
Pinch Runner at 2nd Conor Barron:
|
|
Batting: RHB Aaron Joseph
|
0-0: Fly out, F8 (Flyball, 8LM, EV 86.9 MPH)
|
Top of the 5th over - 3 runs, 2 hits, 0 errors, 2 left on base; San Diego (APP) 8 - Bristol 4 |
BOTTOM OF THE 5TH |
Bristol Pirates batting - Pitching for San Diego (APP) Padres : RHP Rogelio Nunez
|
Now in CF: Conor Barron
|
|
Batting: RHB Etsuro Hosokawa
|
0-0: Foul Ball, location: 2F 0-1: Ground out 6-3 (Groundball, 56, EV 110.0 MPH)
|
Pitching: RHP Eric Busby
|
|
Batting: LHB Tomohiro Yokoyama
|
0-0: Swinging Strike 0-1: Ball 1-1: Ball 2-1: Foul Ball, location: 2F 2-2: Ball 3-2: Foul Ball, location: 2F 3-2: Foul Ball, location: 2F 3-2: Base on Balls
|
Batting: RHB Jaime Dubicki
|
0-0: Ball Tomohiro Yokoyama steals 2nd base 1-0: Ball 2-0: Ball 3-0: Called Strike 3-1: Called Strike 3-2: Strikes out swinging
|
Batting: LHB Ruben Garza
|
0-0: Ball 1-0: Called Strike 1-1: Ball 2-1: Foul Ball, location: 2F 2-2: Ground out 1-3 (Groundball, 15S, EV 71.3 MPH)
|
Bottom of the 5th over - 0 runs, 0 hits, 0 errors, 1 left on base; San Diego (APP) 8 - Bristol 4 |
TOP OF THE 6TH |
San Diego (APP) Padres batting - Pitching for Bristol Pirates : RHP Ian Ferrara
|
Batting: LHB Carlos Cuellar
|
0-0: Swinging Strike 0-1: Called Strike 0-2: Ball 1-2: Foul Ball, location: 2F 1-2: Ground out 3-1 (Groundball, 34, EV 80.0 MPH)
|
Batting: RHB Tyler West
|
0-0: Called Strike 0-1: Called Strike 0-2: Foul Ball, location: 2F 0-2: Ball 1-2: Foul Ball, location: 2F 1-2: SINGLE (Line Drive, 89S, EV 92.5 MPH)
|
Pitching: RHP Hugo Rodriguez
|
|
Batting: RHB Brent Little
|
0-0: Foul Ball, location: 2F 0-1: Called Strike 0-2: Strikes out looking
|
Batting: LHB Ramon Padilla
|
0-0: Ball 1-0: Called Strike 1-1: Foul Ball, location: 2F 1-2: Ground out 1-3 (Groundball, 25, EV 63.8 MPH)
|
Top of the 6th over - 0 runs, 1 hit, 0 errors, 1 left on base; San Diego (APP) 8 - Bristol 4 |
BOTTOM OF THE 6TH |
Bristol Pirates batting - Pitching for San Diego (APP) Padres : RHP Eric Busby
|
Batting: RHB Andrew DeRicco
|
0-0: Called Strike 0-1: Ball 1-1: Swinging Strike 1-2: Ball 2-2: SINGLE (Groundball, 56D, EV 107.5 MPH)
|
Batting: RHB Gilberto Victoria
|
0-0: Ball Wild Pitch! Andrew DeRicco to second 1-0: Foul Ball, location: 2F 1-1: Ground out 5-3 (Groundball, 56, EV 82.5 MPH)
|
Batting: RHB Rob Colley
|
0-0: Swinging Strike 0-1: Foul Ball, location: 2F 0-2: Ball 1-2: Foul Ball, location: 2F 1-2: Strikes out swinging
|
Batting: RHB Pete Hutton
|
0-0: Ball 1-0: Ball 2-0: Foul Ball, location: 2F 2-1: Called Strike 2-2: Ball 3-2: Base on Balls
|
Batting: LHB Joe Wise
|
0-0: Called Strike 0-1: Called Strike 0-2: Ball 1-2: Foul Ball, location: 2F 1-2: Foul Ball, location: 2F 1-2: Foul Ball, location: 2F 1-2: Foul Ball, location: 2F 1-2: Ball 2-2: Ball 3-2: Foul Ball, location: 2F 3-2: Ground out 4-3 (Groundball, 4, EV 84.4 MPH)
|
Bottom of the 6th over - 0 runs, 1 hit, 0 errors, 2 left on base; San Diego (APP) 8 - Bristol 4 |
TOP OF THE 7TH |
San Diego (APP) Padres batting - Pitching for Bristol Pirates : RHP Hugo Rodriguez
|
Batting: RHB Justin Blount
|
0-0: Ball 1-0: Ball 2-0: Foul Ball, location: 2F 2-1: Foul Ball, location: 2F 2-2: Foul Ball, location: 2F 2-2: Foul Ball, location: 2F 2-2: Ball 3-2: Base on Balls
|
Batting: RHB Ryan Tatum
|
0-0: Called Strike 0-1: Ball 1-1: Called Strike 1-2: Ball 2-2: Fielders Choice at 2nd, 6-4 (Groundball, 6, EV 90.0 MPH)
|
Batting: RHB Max Stillo
|
0-0: Foul Ball, location: 2F 0-1: Ball 1-1: Ball 2-1: Ball 3-1: Called Strike 3-2: Foul Ball, location: 2F 3-2: SINGLE (Line Drive, 7S, EV 106.9 MPH) Ryan Tatum to second
|
Batting: LHB Conor Barron
|
0-0: Ball 1-0: Foul Ball, location: 2F 1-1: Ball 2-1: Ball 3-1: Foul Ball, location: 2F 3-2: Foul Ball, location: 2F 3-2: Base on Balls Ryan Tatum to third Max Stillo to second
|
Batting: RHB Aaron Joseph
|
0-0: Called Strike 0-1: Foul Ball, location: 2F 0-2: Ball 1-2: Grounds into double play, 3-6-1 (Groundball, 34S, EV 83.8 MPH)
|
Top of the 7th over - 0 runs, 1 hit, 0 errors, 2 left on base; San Diego (APP) 8 - Bristol 4 |
BOTTOM OF THE 7TH |
Bristol Pirates batting - Pitching for San Diego (APP) Padres : RHP Eric Busby
|
Pitching: RHP Nick Goodlow
|
|
Batting: RHB Etsuro Hosokawa
|
0-0: Ball 1-0: Ball 2-0: Called Strike 2-1: Foul Ball, location: 2F 2-2: Foul Ball, location: 2F 2-2: Foul Ball, location: 2F 2-2: Ball 3-2: Base on Balls
|
Batting: LHB Tomohiro Yokoyama
|
0-0: Ball 1-0: Ball 2-0: SINGLE (Groundball, 34, EV 101.9 MPH) (infield hit) Etsuro Hosokawa to second
|
Batting: RHB Jaime Dubicki
|
0-0: Ball Tomohiro Yokoyama steals 2nd base (no throw) Etsuro Hosokawa steals 3rd base
|
Pinch Runner at 2nd Perry Dominey:
|
1-0: Swinging Strike 1-1: Ground out 4-3 (Groundball, 4, EV 85.6 MPH) Etsuro Hosokawa scores Perry Dominey to third
|
Batting: LHB Ruben Garza
|
0-0: Swinging Strike 0-1: Ball 1-1: Swinging Strike 1-2: Ball 2-2: Strikes out looking
|
Pitching: RHP Roger Brennan
|
|
Batting: RHB Andrew DeRicco
|
0-0: Ball 1-0: Ball 2-0: Called Strike 2-1: SINGLE (Groundball, 56S, EV 68.8 MPH) (infield hit) Perry Dominey scores
|
Batting: RHB Gilberto Victoria
|
0-0: Ball 1-0: Called Strike 1-1: Foul Ball, location: 2F 1-2: Ball 2-2: Ground out 4-3 (Groundball, 34, EV 85.0 MPH)
|
Bottom of the 7th over - 2 runs, 2 hits, 0 errors, 1 left on base; San Diego (APP) 8 - Bristol 6 |
TOP OF THE 8TH |
San Diego (APP) Padres batting - Pitching for Bristol Pirates : RHP Hugo Rodriguez
|
Batting: LHB Carlos Cuellar
|
0-0: Called Strike 0-1: Ground out 5-3 (Groundball, 56, EV 105.0 MPH)
|
Batting: RHB Tyler West
|
0-0: Foul Ball, location: 2F 0-1: DOUBLE (Line Drive, 78D, EV 112.5 MPH)
|
Batting: RHB Brent Little
|
0-0: Ball 1-0: Ball 2-0: Called Strike 2-1: Swinging Strike 2-2: Ball 3-2: Base on Balls
|
Batting: LHB Ramon Padilla
|
0-0: Ball 1-0: Called Strike 1-1: Foul Ball, location: 2F 1-2: Foul Ball, location: 2F 1-2: Ball 2-2: Foul Ball, location: 2F 2-2: Ball 3-2: Base on Balls Tyler West to third Brent Little to second
|
Batting: RHB Justin Blount
|
0-0: Foul Ball, location: 2F 0-1: Foul Ball, location: 2F 0-2: Foul Ball, location: 2F 0-2: Ball 1-2: Fly out, F8 (Flyball, 8LD, EV 106.9 MPH) Runner from 3rd tags up, SCORES, throw by CF
|
Pitching: RHP Randy Bergman
|
|
Batting: RHB Ryan Tatum
|
0-0: Ball 1-0: Called Strike 1-1: Ball 2-1: Ball 3-1: Base on Balls Brent Little to third Ramon Padilla to second
|
Batting: RHB Max Stillo
|
0-0: Ball 1-0: Ball 2-0: Ball 3-0: Base on Balls Brent Little scores Ramon Padilla to third Ryan Tatum to second
|
Batting: LHB Conor Barron
|
0-0: Called Strike 0-1: Foul Ball, location: 2F 0-2: Ball 1-2: Foul Ball, location: 2F 1-2: Ball 2-2: Ball 3-2: Base on Balls Ramon Padilla scores Ryan Tatum to third Max Stillo to second
|
Batting: RHB Aaron Joseph
|
0-0: Ball 1-0: Fly out, F9 (Flyball, 89D, EV 89.4 MPH)
|
Top of the 8th over - 3 runs, 1 hit, 0 errors, 3 left on base; San Diego (APP) 11 - Bristol 6 |
BOTTOM OF THE 8TH |
Bristol Pirates batting - Pitching for San Diego (APP) Padres : RHP Roger Brennan
|
Batting: RHB Rob Colley
|
0-0: Ball 1-0: Called Strike 1-1: Called Strike 1-2: Strikes out swinging
|
Batting: RHB Pete Hutton
|
0-0: Called Strike 0-1: Called Strike 0-2: Ball 1-2: Foul Ball, location: 2F 1-2: Ball 2-2: Ground out 6-3 (Groundball, 56, EV 102.5 MPH)
|
Pitching: RHP Scott Gillis
|
|
Batting: LHB Joe Wise
|
0-0: Ball 1-0: Foul Ball, location: 2F 1-1: DOUBLE (Flyball, 89D, EV 110.0 MPH)
|
Batting: RHB Etsuro Hosokawa
|
0-0: Called Strike 0-1: Ground out 1-3 (Groundball, 34S, EV 68.8 MPH)
|
Bottom of the 8th over - 0 runs, 1 hit, 0 errors, 1 left on base; San Diego (APP) 11 - Bristol 6 |
TOP OF THE 9TH |
San Diego (APP) Padres batting - Pitching for Bristol Pirates : RHP Randy Bergman
|
Batting: LHB Carlos Cuellar
|
0-0: Called Strike 0-1: Ball 1-1: Ball 2-1: Ball 3-1: Foul Ball, location: 2F 3-2: Base on Balls
|
Batting: RHB Tyler West
|
0-0: Ball 1-0: Called Strike 1-1: Fielders Choice at 2nd, 4-6 (Groundball, 34, EV 83.8 MPH)
|
Batting: RHB Brent Little
|
0-0: Ball 1-0: SINGLE (Groundball, 6MD, EV 98.1 MPH) Tyler West to second
|
Batting: LHB Ramon Padilla
|
0-0: Called Strike 0-1: SINGLE (Groundball, 56D, EV 103.8 MPH) Tyler West to third Brent Little to second Runner from 3rd tries for Home, SAFE, throw by LF to home
|
Batting: RHB Justin Blount
|
0-0: Ball Wild Pitch! Brent Little to third Ramon Padilla to second 1-0: Ball 2-0: Ball 3-0: Called Strike 3-1: Base on Balls
|
Batting: RHB Ryan Tatum
|
0-0: DOUBLE (Flyball, 8LD, EV 105.6 MPH) Brent Little scores Ramon Padilla scores Justin Blount to third
|
Batting: RHB Max Stillo
|
0-0: Ball 1-0: Swinging Strike 1-1: Ball 2-1: Hit by Pitch
|
Batting: LHB Conor Barron
|
0-0: Ball 1-0: GRAND SLAM HOME RUN (Flyball, 89XD, EV 95.6 MPH), Distance : 389 ft
|
Pitching: RHP George Sechler
|
|
Batting: RHB Aaron Joseph
|
0-0: Called Strike 0-1: Swinging Strike 0-2: Strikes out swinging
|
Batting: LHB Carlos Cuellar
|
0-0: Called Strike 0-1: Ball 1-1: Swinging Strike 1-2: Ground out 3-1 (Groundball, 34, EV 89.4 MPH)
|
Top of the 9th over - 7 runs, 4 hits, 0 errors, 0 left on base; San Diego (APP) 18 - Bristol 6 |
BOTTOM OF THE 9TH |
Bristol Pirates batting - Pitching for San Diego (APP) Padres : RHP Scott Gillis
|
Batting: RHB Perry Dominey
|
0-0: Ball 1-0: Ball 2-0: Foul Ball, location: 2F 2-1: Foul Ball, location: 2F 2-2: Ball 3-2: Base on Balls
|
Batting: RHB Jaime Dubicki
|
0-0: Called Strike 0-1: Swinging Strike 0-2: Ball 1-2: Ball 2-2: Ball 3-2: Base on Balls Perry Dominey to second
|
Batting: LHB Ruben Garza
|
0-0: Swinging Strike 0-1: Called Strike 0-2: Ball 1-2: Foul Ball, location: 2F 1-2: Ball 2-2: Ball 3-2: Strikes out swinging
|
Pitching: LHP Kenny Cohn
|
|
Batting: RHB Andrew DeRicco
|
0-0: Ball 1-0: Ball 2-0: Foul Ball, location: 2F 2-1: Foul Ball, location: 2F 2-2: Foul Ball, location: 2F 2-2: Ball 3-2: Strikes out swinging
|
Batting: RHB Gilberto Victoria
|
0-0: Called Strike 0-1: Ball 1-1: Foul Ball, location: 2F 1-2: Ball 2-2: Foul Ball, location: 2F 2-2: Foul Ball, location: 2F 2-2: Ball 3-2: Strikes out swinging
|
Bottom of the 9th over - 0 runs, 0 hits, 0 errors, 2 left on base; San Diego (APP) 18 - Bristol 6 |
|